 Dungeon Crawl Stone Soup version 0.27-a0-401-gea03ee8 (webtiles) character file.

Game seed: 13099650046765497872

66594 Dani the Severer (level 14, -36/132 HPs)
             Began as a Palentonga Fighter on Feb 21, 2021.
             Was a High Priest of Okawaru.
             Annihilated by an enormous slime creature (65 damage)
             ... on level 12 of the Dungeon.
             The game lasted 01:15:06 (25386 turns).

Dani the Severer (Palentonga Fighter)              Turns: 25386, Time: 01:15:07

Health: -36/132    AC: 35    Str: 27    XL:     14   Next: 79%
Magic:  17/19      EV: 12    Int: 15    God:    Okawaru [*****.]
Gold:   865        SH: 16    Dex: 10    Spells: 13/13 levels left

rFire    + . .     SeeInvis +   a - +4 broad axe of the Demagogue {venom, rPois Will+}
rCold    + . .     Faith    +   g - +2 kite shield
rNeg     . . .     Spirit   .   x - +1 plate armour {rC+}
rPois    +         Reflect  .   (no helmet)
rElec    .         Harm     .   c - +3 cloak "Giuvowy" {rF+ rCorr}
rCorr    +         Rampage  .   u - +1 pair of gloves {Str+3}
Will     ++...                  D - +0 barding {Stlth+}
Stlth    ..........             f - amulet of faith
HPRegen  0.32/turn              i - +6 ring of intelligence
MPRegen  0.16/turn              O - +4 ring of evasion

@: heroism, curled up
A: large, rugged brown scales 3, see invisible, deformed body, roll 1, armoured
tail, reflexive curl
a: Rolling Charge, Renounce Religion, Heroism, Finesse


You were on level 12 of the Dungeon.
You worshipped Okawaru.
Okawaru was extremely pleased with you.
You visited 4 branches of the dungeon, and saw 20 of its levels.
You visited the Abyss 1 time.

You collected 1097 gold pieces.
You spent 232 gold pieces at shops.

Inventory:

Hand Weapons
 a - the +4 broad axe of the Demagogue (weapon) {venom, rPois Will+}
   (Okawaru gifted it to you on level 2 of the Lair of Beasts)

   It poisons the flesh of those it strikes.
   It protects you from poison.
   It affects your willpower, your defense against some magical effects.
 b - a +1 war axe of flaming
 V - a +0 broad axe
   (You found it on level 6 of the Lair of Beasts)
 W - the +9 triple crossbow of the Blue Skies {penet, rElec rC- SInv, unknown}
   (Okawaru gifted it to you on level 6 of the Lair of Beasts)

   Ammo fired by it passes through the targets it hits, potentially hitting all
   targets in its path until it reaches maximum range.
   It makes you vulnerable to cold.
   It insulates you from electricity.
   It lets you see invisible.
Missiles
 n - 13 silver boomerangs
 Z - 2 throwing nets
Armour
 c - the +3 cloak "Giuvowy" (worn) {rF+ rCorr}
   (You acquired it on level 1 of the Lair of Beasts)

   It protects you from fire.
   It provides partial protection from all sources of acid and corrosion.
 g - a +2 kite shield (worn)
   (You took it off a wight on level 5 of the Dungeon)
 u - a +1 pair of gloves of strength (worn)
   (Okawaru gifted it to you on level 2 of the Abyss)
 v - the +3 buckler "Niurojy" {rF++ rC- Slay+2}
   (You found it on level 8 of the Dungeon)

   It affects your accuracy and damage with ranged weapons and melee attacks
   (+2).
   It greatly protects you from fire.
   It makes you vulnerable to cold.
 x - a +1 plate armour of cold resistance (worn)
   (You found it on level 6 of the Lair of Beasts)
 D - a +0 barding of stealth (worn)
   (Okawaru gifted it to you on level 1 of the Lair of Beasts)
 J - a +1 scale mail
Jewellery
 f - an amulet of faith (around neck)
   (You found it on level 4 of the Dungeon)
 i - a +6 ring of intelligence (left hand)
   (You found it on level 1 of the Dungeon)
 p - the ring of Moiwn {Fire *Corrode Str+2 Int+7 Dex-5}
   (You bought it in a shop on level 8 of the Dungeon)

   [ring of fire]

   It enhances your fire magic.
   It affects your strength (+2).
   It affects your intelligence (+7).
   It affects your dexterity (-5).
   It protects you from fire.
   It makes you vulnerable to cold.
   It may corrode you when you take damage.
 O - a +4 ring of evasion (right hand)
   (You found it on level 3 of the Lair of Beasts)
Wands
 j - a wand of polymorph (14)
   (You took it off Blork the orc on level 5 of the Dungeon)
 s - a wand of random effects (21)
   (You found it on level 6 of the Dungeon)
 A - a wand of acid (8)
   (You found it on level 3 of the Lair of Beasts)
 I - a wand of iceblast (5)
   (You found it on level 6 of the Dungeon)
 P - a wand of paralysis (12)
   (You found it on level 2 of the Lair of Beasts)
 S - a wand of charming (14)
   (You found it on level 5 of the Lair of Beasts)
Scrolls
 y - a scroll of brand weapon
 z - a scroll of fog
 B - 2 scrolls of amnesia
 C - 2 scrolls of enchant armour
 E - a scroll of enchant weapon
 F - 4 scrolls of noise
 K - a scroll of immolation
 M - 2 scrolls of magic mapping
 N - 3 scrolls of vulnerability
 R - 5 scrolls of identify {@r1}
 T - 11 scrolls of teleportation
 U - 3 scrolls of fear
Potions
 d - 3 potions of might
 e - 2 potions of degeneration
 h - a potion of cancellation
 k - a potion of magic
 l - 2 potions of flight
 m - 2 potions of lignification
 o - 3 potions of attraction
 q - 5 potions of heal wounds
 r - a potion of ambrosia
 t - a potion of invisibility
 w - 2 potions of brilliance
 H - 2 potions of haste
 L - a potion of mutation {!q}
 Q - 4 potions of curing {@q1}
Miscellaneous
 G - a condenser vane
   (You found it on level 10 of the Dungeon)


   Skills:
 + Level 11.1(16.1) Fighting
 * Level 15.9(20.9) Axes
 + Level 8.0(13.0) Armour
 + Level 7.4(12.4) Dodging
 - Level 9.0(14.0) Shields
 + Level 6.9 Invocations
 - Level 5.0 Evocations


You had 13 spell levels left.
You didn't know any spells.
Your spell library contained the following spells:

 Spells                   Type           Power        Failure   Level
 Beastly Appendage        Tmut           0%           89%         1
 Magic Dart               Conj           0%           89%         1
 Sting                    Tmut/Pois      0%           89%         1
 Poisonous Vapours        Pois/Air       0%           96%         2
 Searing Ray              Conj           0%           96%         2
 Wereblood                Tmut           0%           96%         2
 Dazzling Flash           Conj/Hex       0%           99%         3
 Ignite Poison            Fire/Tmut/Pois 0%           99%         3
 Mephitic Cloud           Conj/Pois/Air  0%           99%         3
 Spider Form              Tmut/Pois      0%           99%         3
 Fulminant Prism          Conj/Hex       0%           100%        4
 Ice Form                 Ice/Tmut       0%           100%        4
 Iskenderun's Mystic Bla  Conj/Tloc      0%           100%        4
 Olgreb's Toxic Radiance  Pois           0%           100%        4
 Blade Hands              Tmut           0%           100%        5
 Metabolic Englaciation   Hex/Ice        0%           100%        5
 Freezing Cloud           Conj/Ice/Air   0%           100%        6
 Simulacrum               Ice/Necr       0%           100%        6
 Ozocubu's Refrigeration  Ice            0%           100%        7


Dungeon Overview and Level Annotations

Branches:
Dungeon (12/15)            Temple (1/1) D:6            Lair (6/6) D:8
 Spider (0/4) Lair:2        Slime (1/5) Lair:5          Orc (0/2) D:9
  Swamp: Lair:2-4    Shoals: Lair:2-4

Altars:
Ashenzari
Cheibriados
Dithmenos
Elyvilon
Fedhas
Gozag
Hepliaklqana
Kikubaaqudgha
Makhleb
Nemelex Xobeh
Okawaru
Qazlal
Ru
Sif Muna
Trog
Uskayaw
Vehumet
Wu Jian
Xom
Yredelemnul
Zin
The Shining One
Jiyva

Shops:
D:6 *   D:8 *

Annotations:
D:5 Eustachio
D:7 exclusion: door
D:8 1 runed translucent door, slAvIk159's ghost, novice HOMo
Lair:1 5 exclusions
Lair:2 2 exclusions
Lair:4 1 exclusion
Lair:5 exclusion: downstairs


Innate Abilities, Weirdness & Mutations

You are completely covered in rugged brown scales. (AC +3, +7% HP)
You have supernaturally acute eyesight. (SInv)
Armour fits poorly on your strangely shaped body.
You can roll at nearby foes to attack.
You have a long armoured tail.
You curl defensively after being hit.


Message History

A wight is nearby!
A wight is nearby!
A wight is nearby!
You hit the wight.
Your tail-slap misses the wight.
The wight hits you but does no damage.
You slash the wight! You tail-slap the wight.
You destroy the wight!
Okawaru accepts your kill.
Things that are here:
a +0 war axe; a +0 robe No target in view!
No target in view!
You now have 853 gold pieces (gained 22).
Key pressed, stopping explore.
No target in view!
Key pressed, stopping explore.
Things that are here:
a +3 falchion; a +0 robe Key pressed, stopping explore.
You see here a +0 falchion.
You see here an orc skeleton.
You see here a +0 club.
You see here a +0 club.
You see here a +0 ring mail.
There is an open door here.
There is an open door here.
R - 5 scrolls of identify {@r1} (gained 1)
There is an open door here.
There is an open door here.
You see here a jackal skeleton.
There is an open door, spattered with blood here.
You see here a hound skeleton.
There is an open door here.
There is an open door here.
There is an open door here.
Partly explored, can't reach some places.
There is an open door here.
There is a stone staircase leading down here.
You climb downwards.
There is a stone staircase leading up here.
Found a stone staircase leading up.
F - 4 scrolls of noise (gained 1)
You open the door.
There is an open door here.
T - 10 scrolls of teleportation (gained 1)
T - 11 scrolls of teleportation (gained 1)
You open the door.
There is an open door here.
You now have 865 gold pieces (gained 12).
A slime creature comes into view.
The slime creature quivers.
A slime creature is nearby!
A slime creature is nearby! 2 slime creatures come into view.
The slime creature quivers.
A slime creature comes into view. x2
A slime creature comes into view.
The slime creature quivers. x2
You block the slime creature's attack.
You slash the slime creature!
The slime creature is poisoned.
The slime creature hits you!
Two slime creatures merge to form a large slime creature.
You take 9 damage, and have 123/132 hp.
You hit the slime creature.
The slime creature looks as sick as possible!
You tail-slap the slime creature! You hit the slime creature.
You block the slime creature's attack. The slime creature hits you.
You take 6 damage, and have 117/132 hp.
You slash the slime creature! You slice the slime creature!!
Two slime creatures merge to form a large slime creature.
The slime creature hits you!
You take 10 damage, and have 107/132 hp.
You hit the slime creature.
Your tail-slap misses the slime creature.
You slash the large slime creature! The slime creature hits you!
You take 8 damage, and have 99/132 hp.
You slash the slime creature! You hit the large slime creature.
The large slime creature is poisoned.
Two slime creatures merge to form a very large slime creature.
You slice the very large slime creature!!
The very large slime creature looks as sick as possible!
Your tail-slap misses the very large slime creature.
You hit the large slime creature.
You block the large slime creature's attack.
Two slime creatures merge to form an enormous slime creature.
You barely miss the enormous slime creature.
You slash the large slime creature!
A large slime creature splits.
You barely miss the slime creature. x2; You slash the enormous slime creature!
The enormous slime creature looks as sick as possible!
The enormous slime creature hits you!!!
Ouch! That really hurt!
* * * LOW HITPOINT WARNING * * *
The slime creature hits you but does no damage.
You hear a shout! x2
You take 70 damage, and have 29/132 hp.
MASSIVE DAMAGE!!
You are too injured to fight recklessly!
You are too injured to fight recklessly!
You gain the combat prowess of a mighty hero.
You block the slime creature's attack. The enormous slime creature hits you!!!
You die...

#......#######
#............
#............
########.....######.
.............#
.............#
.............#
.............######.##
..............@J......
..............JJ......
......................
....#######...........
... ###.........
#......... #....#####
#....#


You could see an enormous slime creature (extremely poisoned) and 2 slime
creatures.

Vanquished Creatures
  2 tentacled starspawn (Abyss:2)
  Gastronok (Lair:3)
  5 dire elephants (Lair:6)
  Fannar (Lair:1)
  2 boulder beetles
  9 hydras
  An anaconda (Lair:6)
  A catoblepas (Lair:6)
  7 death yaks
  A hell hog (Abyss:2)
  Sonja (Lair:3)
  4 thrashing horrors (Abyss:2)
  A wretched star (Abyss:2)
  A lindwurm (Lair:4)
  A deep elf pyromancer (D:8)
  An ugly thing (D:11)
  14 elephants
  2 black mambas
  An orange demon (Abyss:2)
  13 cane toads
  2 kobold demonologists (D:11)
  6 komodo dragons
  3 trolls
  2 polar bears
  A tyrant leech (Lair:4)
  3 raiju (Abyss:2)
  Prince Ribbit (D:7)
  17 blink frogs
  A spriggan (Lair:4)
  A wraith (D:10)
  4 wyverns
  2 small abominations (Abyss:2)
  6 basilisks
  3 large abominations (Abyss:2)
  63 yaks
  A steam dragon (Lair:3)
  15 water moccasins
  5 orc warriors
  3 ice beasts
  3 black bears
  An ogre (D:7)
  22 wolves
  7 centaurs
  A phantom (D:10)
  2 kobold brigands
  3 gnoll sergeants
  12 bullfrogs
  Blork the orc (D:5)
  A wyvern zombie (D:9)
  2 wyvern skeletons
  2 scorpions
  4 killer bees
  30 wights
  An electric eel (Lair:1)
  A howler monkey (D:4)
  3 jellies
  2 bullfrog zombies
  A quasit (Abyss:2)
  A bullfrog skeleton (D:11)
  7 hounds
  4 orc priests
  5 centaur skeletons
  6 hell rats (Lair:6)
  Jessica (D:3)
  2 iguanas (D:8)
  Terence (D:3)
  9 worker ants
  13 orc wizards
  A hound zombie (D:7)
  A hound skeleton (D:4)
  9 adders
  8 gnolls
  5 white imps
  6 ufetubi
  An ooze (D:3)
  2 adder skeletons
  2 adder zombies
  A dart slug (D:2)
  6 leopard geckos
  43 orcs
  2 ball pythons (D:2)
  6 bats
  8 giant cockroaches
  8 goblins
  6 hobgoblins
  14 jackals
  9 kobolds
  A quokka (D:2)
  3 frilled lizards
  A leopard gecko skeleton (D:5)
  A quokka skeleton (D:7)
  5 rats
  A butterfly (Lair:5)
  2 starspawn tentacles (Abyss:2)
508 creatures vanquished.

Vanquished Creatures (others)
  3 bushes (D:8)
  53 fungi
  92 plants
  4 starspawn tentacles (Abyss:2)
152 creatures vanquished.

Grand Total: 660 creatures vanquished

Notes
Turn   | Place    | Note
-------+----------+-------------------------------------------
     0 | D:1      | Dani the Palentonga Fighter began the quest for the Orb.
     0 | D:1      | Reached XP level 1. HP: 20/20 MP: 1/1
   212 | D:1      | Reached XP level 2. HP: 24/27 MP: 2/2
   356 | D:1      | Reached skill level 3 in Axes
  1211 | D:2      | Reached XP level 3. HP: 30/33 MP: 3/3
  1413 | D:2      | Reached skill level 4 in Axes
  2363 | D:3      | Noticed Terence
  2417 | D:3      | Reached XP level 4. HP: 40/40 MP: 4/4
  2751 | D:3      | Noticed Jessica
  2753 | D:3      | Killed Jessica
  2754 | D:3      | Reached skill level 5 in Axes
  2787 | D:3      | Killed Terence
  2788 | D:3      | Reached XP level 5. HP: 46/48 MP: 5/5
  3047 | D:3      | Found a faded altar of an unknown god.
  3357 | D:4      | Reached skill level 6 in Axes
  3511 | D:4      | Reached XP level 6. HP: 39/54 MP: 6/6
  3703 | D:4      | You fall into a shaft and drop 1 floor!
  3703 | D:5      | Entered Level 5 of the Dungeon
  3913 | D:5      | Noticed an orc warrior
  3914 | D:5      | Noticed Blork the orc
  3914 | D:5      | Noticed Eustachio
  4513 | D:5      | Reached skill level 7 in Axes
  5184 | D:5      | Killed Blork the orc
  5185 | D:5      | Gained mutation: You curl defensively after being hit.
                  | [Palentonga growth]
  5185 | D:5      | Reached XP level 7. HP: 60/60 MP: 7/7
  5416 | D:6      | Reached skill level 3 in Shields
  5421 | D:6      | Found Fosimiusott's Assorted Antiques.
  5440 | D:6      | Bought a scroll labelled ACUSMA EZARANIESI for 30 gold
                  | pieces
  5440 | D:6      | Bought a scroll labelled LUMERUB XINUIM for 30 gold pieces
  5440 | D:6      | Bought a lumpy red potion for 27 gold pieces
  5728 | D:5      | Reached skill level 8 in Axes
  5834 | D:6      | Reached skill level 4 in Fighting
  6103 | D:6      | Found a staircase to the Ecumenical Temple.
  6127 | D:6      | Reached XP level 8. HP: 39/71 MP: 8/8
  6287 | Temple   | Entered the Ecumenical Temple
  6358 | Temple   | Became a worshipper of Warmaster Okawaru
  6706 | Temple   | Reached skill level 1 in Invocations
  7214 | D:7      | Reached skill level 4 in Shields
  7528 | D:7      | Found a stormy altar of Qazlal.
  7531 | D:7      | Noticed an air elemental
  7553 | D:6      | Reached skill level 9 in Axes
  7739 | D:6      | Reached skill level 5 in Fighting
  7739 | D:6      | Reached skill level 2 in Invocations
  8431 | D:6      | Reached * piety under Okawaru
  8971 | D:7      | Reached XP level 9. HP: 79/79 MP: 10/10
  9005 | D:7      | Reached skill level 1 in Evocations
  9315 | D:7      | Noticed Prince Ribbit
  9323 | D:7      | Killed Prince Ribbit
  9324 | D:7      | Reached skill level 3 in Invocations
  9629 | D:7      | Reached skill level 10 in Axes
  9952 | D:8      | Reached skill level 2 in Evocations
 10136 | D:8      | Found a runed translucent door.
 10142 | D:8      | Noticed slAvIk159's ghost (novice HOMo)
 10231 | D:8      | Reached ** piety under Okawaru
 10232 | D:8      | Reached skill level 6 in Fighting
 10293 | D:8      | Reached skill level 5 in Shields
 10640 | D:8      | Found a staircase to the Lair.
 10674 | D:8      | Reached *** piety under Okawaru
 10677 | D:8      | Reached skill level 11 in Axes
 10677 | D:8      | Reached XP level 10. HP: 81/89 MP: 10/12
 10794 | D:8      | Noticed a deep elf pyromancer
 11049 | D:8      | Found Vittojuk's Assorted Antiques.
 11049 | D:8      | Found a radiant altar of Vehumet.
 11057 | D:8      | Bought a brightly glowing lapis lazuli ring for 145 gold
                  | pieces
 11060 | D:7      | Identified the ring of Moiwn {Fire *Corrode Str+2 Int+7
                  | Dex-5} (You bought it in a shop on level 8 of the Dungeon)
 11121 | D:8      | Killed a deep elf pyromancer
 11134 | D:8      | Reached skill level 1 in Dodging
 11137 | D:8      | Reached skill level 7 in Fighting
 11514 | D:8      | Found an ancient bone altar of Kikubaaqudgha.
 11958 | D:9      | Found a staircase to the Orcish Mines.
 11991 | D:9      | Reached skill level 3 in Armour
 12126 | D:9      | HP: 14/88 [orc warrior/+0 war axe (17)]
 12524 | D:9      | Reached **** piety under Okawaru
 12525 | D:9      | Reached skill level 6 in Shields
 12717 | D:9      | Reached skill level 2 in Dodging
 13052 | D:9      | Reached skill level 12 in Axes
 13404 | D:8      | Got a slimy buckler
 13415 | D:8      | Identified the +3 buckler "Niurojy" {rF++ rC- Slay+2} (You
                  | found it on level 8 of the Dungeon)
 13455 | Lair:1   | Entered Level 1 of the Lair of Beasts
 13463 | Lair:1   | Noticed a four-headed hydra
 13474 | Lair:1   | Killed a one-headed hydra
 13474 | Lair:1   | Reached ***** piety under Okawaru
 13475 | Lair:1   | Reached XP level 11. HP: 96/100 MP: 10/13
 13483 | Lair:1   | Reached skill level 4 in Armour
 13506 | Lair:1   | Reached skill level 3 in Dodging
 13550 | Lair:1   | Reached skill level 8 in Fighting
 13787 | D:8      | HP: 21/100 [blink frog (15)]
 14143 | Lair:1   | Noticed Fannar
 14165 | Lair:1   | Killed Fannar
 14165 | Lair:1   | Received a gift from Okawaru
 14302 | Lair:1   | Noticed a five-headed hydra
 14322 | Lair:1   | Killed a one-headed hydra
 14536 | Lair:1   | Identified a scroll of acquirement
 14536 | Lair:1   | Acquired the +3 cloak "Giuvowy" {rF+ rCorr}
 14640 | Lair:1   | Reached skill level 7 in Shields
 14665 | Lair:1   | Reached skill level 4 in Dodging
 14670 | Lair:1   | Received a gift from Okawaru
 14695 | Lair:1   | Reached skill level 13 in Axes
 14702 | Lair:1   | HP: 25/101 [yak (9)]
 14704 | Lair:1   | Reached skill level 5 in Armour
 15059 | Lair:1   | Noticed a five-headed hydra
 15066 | Lair:1   | Killed a one-headed hydra
 15224 | Lair:2   | Noticed a boulder beetle
 15240 | Lair:2   | Killed a boulder beetle
 15241 | Lair:2   | Reached XP level 12. HP: 110/110 MP: 12/14
 15711 | Lair:2   | Found a hole to the Spider Nest.
 15953 | Lair:2   | Reached skill level 9 in Fighting
 16050 | Lair:2   | Noticed a five-headed hydra
 16079 | Lair:2   | Killed a three-headed hydra
 16080 | Lair:2   | Reached skill level 5 in Dodging
 16083 | Lair:2   | Received a gift from Okawaru
 16100 | Lair:2   | Got a dazzling broad axe {god gift}
 16101 | Lair:2   | Identified the +4 broad axe of the Demagogue {venom, rPois
                  | Will+} (Okawaru gifted it to you on level 2 of the Lair of
                  | Beasts)
 16607 | Lair:3   | Noticed Gastronok
 16633 | Lair:3   | Reached skill level 6 in Armour
 16639 | Lair:3   | Killed Gastronok
 16640 | Lair:3   | Reached skill level 14 in Axes
 16640 | Lair:3   | Reached skill level 8 in Shields
 16870 | Lair:3   | Received a gift from Okawaru
 16895 | Lair:3   | Noticed Sonja
 16903 | Lair:3   | Cast into level 2 of the Abyss (Sonja)
 16903 | Abyss:2  | Found a corrupted altar of Lugonu.
 17078 | Abyss:2  | Noticed a tentacled starspawn
 17094 | Abyss:2  | Killed a tentacled starspawn
 17095 | Abyss:2  | Reached XP level 13. HP: 56/119 MP: 15/15
 17350 | Abyss:2  | Noticed an ophan
 17515 | Abyss:2  | Noticed a tentacled starspawn
 17530 | Abyss:2  | Killed a tentacled starspawn
 17531 | Abyss:2  | Reached skill level 4 in Invocations
 17537 | Abyss:2  | Reached skill level 3 in Evocations
 17563 | Abyss:2  | Noticed a profane servitor
 17564 | Abyss:2  | Found a corrupted altar of Lugonu.
 17630 | Abyss:2  | Found a corrupted altar of Lugonu.
 17649 | Abyss:2  | Reached skill level 6 in Dodging
 17657 | Abyss:2  | Received a gift from Okawaru
 17658 | Abyss:2  | Reached skill level 10 in Fighting
 17664 | Lair:3   | Escaped the Abyss
 17669 | Lair:3   | Killed Sonja
 18354 | Lair:3   | You fall into a shaft and drop 1 floor!
 18788 | Lair:4   | Reached skill level 5 in Invocations
 19222 | Lair:4   | Reached skill level 7 in Armour
 19222 | Lair:4   | Reached skill level 4 in Evocations
 19355 | Lair:4   | HP: 25/120 [ten-headed hydra (11)]
 20076 | Lair:5   | Reached skill level 15 in Axes
 20087 | Lair:5   | Received a gift from Okawaru
 20106 | Lair:5   | Reached XP level 14. HP: 96/130 MP: 11/17
 20265 | Lair:5   | Found a radiant altar of Vehumet.
 20611 | Lair:5   | Found a staircase to the Slime Pits.
 20611 | Lair:5   | Found a viscous altar of Jiyva.
 20938 | Slime:1  | Entered Level 1 of the Pits of Slime
 20938 | Slime:1  | Noticed an azure jelly
 20938 | Slime:1  | Noticed an acid blob
 20976 | Lair:6   | Entered Level 6 of the Lair of Beasts
 20995 | Lair:6   | Reached skill level 9 in Shields
 21774 | Lair:6   | Reached ****** piety under Okawaru
 21774 | Lair:6   | Received a gift from Okawaru
 21784 | Lair:6   | Received a gift from Okawaru
 21785 | Lair:6   | Reached skill level 7 in Dodging
 21785 | Lair:6   | Reached skill level 6 in Invocations
 21785 | Lair:6   | Reached skill level 5 in Evocations
 22714 | Lair:6   | Received a gift from Okawaru
 22760 | Lair:6   | Got a twisted triple crossbow {god gift}
 23020 | Lair:6   | Reached skill level 11 in Fighting
 23157 | D:10     | Entered Level 10 of the Dungeon
 24580 | D:10     | 4 rooms
 24838 | D:11     | Reached skill level 8 in Armour
 25385 | D:12     | HP: 29/132 [enormous slime creature (71)]
 25386 | D:12     | Annihilated by an enormous slime creature

Illustrated notes

##....≈≈≈≈≈≈≈≈≈≈#
##......≈≈≈≈≈≈≈≈#
#.........######
#.........#
####........##
#<##........#
##.#.......##
#........##
##..@...##
##....## ##.###
##.## ##.## #..##
##..## ##..#
##..## ###


Turn 24580 on D:10: 4 rooms

Levels and vault maps discovered:
D:1:      matt_arrival_diagonals, layout_basic
D:2:      layout_basic
D:3:      layout_basic, chequers_ecumenical_altar_simple_redux, uniq_terence,
          uniq_jessica
D:4:      layout_loops_ring
D:5:      layout_basic, sword_in_stone
D:6:      layout_gridville, minmay_temple_entry_stoned_glass, serial_shops,
          shop, serial_glass, glass_columns_a, glass_columns_b, uniq_eustachio
D:7:      layout_gridville, nicolae_qazlal_style_of_elements,
          uniq_prince_ribbit1
D:8:      layout_loops_cross, nicolae_overflow_hidden_temple,
          minmay_lair_entry_grove, hellmonk_ghost_happy_afterlife, serial_shops,
          nicolae_shop_statue_plus, basic_altar, minivault_23
D:9:      layout_roguey, orc_0_dummy
D:10:     layout_cave_pods, water_boxes_lemuel
D:11:     layout_roguey
D:12:     layout_irregular_city
Temple:   kilobyte_greek_temple
Lair:1:   layout_loops_ring, enter_volcano_3, serial_bayou_ford_a,
          beast_lair_carwin_1, uniq_fannar
Lair:2:   layout_roguey, nicolae_spider_entry_orb_guardian
Lair:3:   layout_regular_city, uniq_sonja, uniq_gastronok
Lair:4:   layout_regular_city, palyth_hydra_swamp_entry,
          grunt_forest_large_clearing_hut, grunt_megastairs_3
Lair:5:   layout_small_grid, slime_altar_1, basic_altar, lemuel_fruit_fields,
          lemuel_fruit_tree
Lair:6:   due_jungle_book, layout_long_grid
Slime:1:  layout_caves

Skill      XL: |  1  2  3  4  5  6  7  8  9 10 11 12 13 14 |
---------------+-------------------------------------------+-----
Axes           | 3 4 5 6 7 8 9 11 12 13 14 15 | 15.9
Shields        | 3 4 5 6 7 8 9 |  9.0
Fighting       | 4 5 6 7 8 9 10 11 | 11.1
Invocations    | 2 3 5 6 |  6.9
Evocations     | 2 4 5 |  5.0
Dodging        | 2 4 5 6 7 |  7.4
Armour         | 3 5 6 7 8 |  8.0

Action                   |  1- 3 |  4- 6 |  7- 9 | 10-12 | 13-15 || total
-------------------------+-------+-------+-------+-------+-------++-------
Melee: War axe           |   127 |   131 |   293 |   539 |    26 ||  1116
       Tailslap          |     9 |    21 |    35 |    87 |   118 ||   270
       Unarmed           |       |     2 |       |       |       ||     2
       Broad axe         |       |       |       |    80 |   620 ||   700
Invok: Heroism           |       |       |     6 |    28 |    22 ||    56
       Finesse           |       |       |       |     2 |     9 ||    11
 Abil: Rolling Charge    |    30 |    28 |    37 |    42 |    20 ||   157
Evoke: Wand              |       |       |       |     9 |     1 ||    10
  Use: Scroll            |       |     9 |     7 |     3 |    15 ||    34
       Potion            |       |       |       |       |     3 ||     3
 Stab: Sleeping          |     1 |       |       |       |       ||     1
       Petrified         |       |       |       |     9 |       ||     9
       Paralysed         |       |       |       |       |     1 ||     1
Armor: Scale mail        |    60 |    58 |    76 |   138 |   153 ||   485
       Skin              |       |     1 |       |       |       ||     1
       Plate armour      |       |       |       |       |    39 ||    39
Dodge: Dodged            |    38 |    19 |    68 |    92 |   198 ||   415
Block: Kite shield       |    62 |    60 |   167 |   291 |   344 ||   924

Table legend: (Time is in decaauts)
 A = Elapsed time spent in this place.
 B = Non-inter-level travel time spent in this place.
 C = Inter-level travel time spent in this place.
 D = Time resting spent in this place.
 E = Time spent auto-exploring this place.
 F = Levels seen in this place.
 G = Mean time per level.
                   A        B        C        D        E       F      G
               +--------+--------+--------+--------+--------+-----+--------+
         Total |  25331 |  23431 |   1900 |   2836 |  15269 |  21 | 1206.2 |
       Dungeon |  15263 |  14166 |   1097 |   1841 |   8910 |  12 | 1271.9 |
        Temple |    536 |    424 |    112 |     57 |    330 |   1 |  536.0 |
          Lair |   8781 |   8091 |    690 |    472 |   6013 |   6 | 1463.5 |
    Slime Pits |      1 |      1 |      0 |      0 |      0 |   1 |    1.0 |
         Abyss |    747 |    747 |      0 |    466 |     16 |   1 |  747.0 |
               +--------+--------+--------+--------+--------+-----+--------+

Top non-repeatable levels by time:
     D:6: 2482 daAuts
     D:8: 2055 daAuts
  Lair:6: 2003 daAuts
     D:7: 1856 daAuts
  Lair:3: 1529 daAuts
  Lair:1: 1465 daAuts
     D:9: 1438 daAuts
  Lair:2: 1363 daAuts
     D:2: 1301 daAuts
  Lair:5: 1214 daAuts
  Lair:4: 1204 daAuts
     D:5: 1115 daAuts
     D:4: 1104 daAuts
     D:1: 1081 daAuts
     D:3: 1050 daAuts

Table legend:
 A = Kills in this place as a percentage of kills in entire the game.
 B = Kills by you in this place as a percentage of kills by you in the entire game.
 C = Kills by friends in this place as a percentage of kills by friends in the entire game.
 D = Other kills in this place as a percentage of other kills in the entire game.
 E = Experience gained in this place as a percentage of experience gained in the entire game.
 F = Experience gained in this place divided by the number of levels of this place that you have seen.
                   A       B       C       D       E      F
               +-------+-------+-------+-------+-------+----------------------
         Total | 100.0 | 100.0 |   N/A |   N/A | 100.0 | 4530.2
       Dungeon |  58.0 |  58.0 |   N/A |   N/A |  17.2 | 1362.2
        Temple |   0.6 |   0.6 |   N/A |   N/A |   0.2 | 229.0
          Lair |  37.4 |  37.4 |   N/A |   N/A |  69.8 | 11073.2
         Abyss |   4.0 |   4.0 |   N/A |   N/A |  12.7 | 12121.0
               +-------+-------+-------+-------+-------+----------------------
